AoeStats
← Marco Polo 666

Black Forest

507412592Analyzed
4v4 RM · 14d ago on Sep 18, 2026· 72m 21s· 8 players
Game mode
Random Map
Map size
Large (8 player)
Population
200
Speed
Normal
Resources
Standard
Victory
Conquest
Starting age
Dark Age
Ending age
Imperial Age
RankedLock teamsTeams togetherTeam positionsShared explorationLock speedFull tech treeHidden civsTurbo modeCheats
Victory
Defeat
🇺🇸 Portuguese · United States
764
+12
🇲🇽 Byzantines · Mexico
708
+14
🇲🇽 Goths · Mexico
685
+15
🇲🇽 Persians · Mexico
633
+17
🇦🇷 Franks · Argentina
668
-15
🇦🇷 Huns · Argentina
667
-15
🇦🇺 Huns · Australia
661
-14
🇦🇷 Huns · Argentina
657
-14
darador86
0:54 Loom
24:10 Feudal Age
25:40 Horse Collar
25:53 Double-Bit Axe
28:14 Man-at-Arms
34:45 Castle Age
35:41 Wheelbarrow
34:52 Town Watch
38:08 Heavy Plow
38:22 Bow Saw
38:09 Gold Mining
41:49 Imperial Age
40:36 Caravan
42:43 Marauders
43:06 Pikeman
43:48 Squires
58:32 Padded Archer Armor
58:22 Fletching
58:43 Forging
58:34 Scale Mail Armor
58:39 Scale Barding Armor
59:21 Parthian Tactics
62:04 Guilds
Luciano24cm
2:06 Loom
9:46 Feudal Age
10:20 Double-Bit Axe
22:37 Castle Age
20:54 Gold Mining
20:47 Horse Collar
23:54 Bow Saw
28:38 Fervor
34:47 Imperial Age
32:57 Wheelbarrow
32:08 Town Watch
32:22 Stone Mining
33:11 Gold Shaft Mining
32:52 Town Patrol
33:03 Husbandry
33:13 Bloodlines
33:06 Heavy Plow
33:52 Coinage
34:35 Hand Cart
35:28 Forging
35:19 Scale Mail Armor
35:24 Scale Barding Armor
35:09 Fletching
35:19 Padded Archer Armor
36:36 Two-Man Saw
36:16 Elite Tarkan
37:52 Murder Holes
38:58 Chemistry
38:37 Iron Casting
38:18 Chain Mail Armor
38:23 Chain Barding Armor
38:13 Padded Archer Armor
41:16 Iron Casting
40:56 Chain Mail Armor
41:01 Chain Barding Armor
40:36 Bodkin Arrow
40:57 Leather Archer Armor
41:21 Leather Archer Armor
41:33 Clinker Construction
41:34 Masonry
41:35 Careening
41:49 Ballistics
43:02 Caravan
44:08 Guilds
44:32 Banking
45:51 Blast Furnace
45:27 Plate Barding Armor
45:00 Bracer
45:24 Carvel Hull
46:00 Dry Dock
46:46 Squires
46:31 Arson
47:35 Marauders
47:55 Atheism
47:57 Conscription
47:38 Sappers
55:31 Capped Ram
Marco Polo 666
1:03 Loom
10:51 Feudal Age
12:13 Wheelbarrow
11:29 Double-Bit Axe
14:20 Town Watch
17:37 Gold Mining
17:46 Stone Mining
20:44 Castle Age
21:48 Bow Saw
22:36 Hand Cart
24:24 Gold Shaft Mining
31:35 Imperial Age
30:50 Husbandry
32:35 Scale Barding Armor
33:52 Ballistics
35:02 Chain Barding Armor
34:54 Forging
35:59 Chivalry
36:23 Conscription
36:00 Cavalier
37:49 #83
38:27 Town Patrol
41:37 Hoardings
40:23 Elite Throwing Axeman
42:07 Chemistry
42:16 Iron Casting
43:00 Paladin
45:28 Plate Barding Armor
46:00 Blast Furnace
46:25 Padded Archer Armor
46:15 Fletching
46:26 Scale Mail Armor
50:59 Caravan
52:00 Chain Mail Armor
52:00 Leather Archer Armor
51:41 Bodkin Arrow
52:05 Masonry
51:51 Murder Holes
60:55 Light Cavalry
69:36 Plate Mail Armor
69:11 Squires
68:57 Arson
69:58 Pikeman
70:24 Gambesons
23a.mora
14:38 Feudal Age
15:00 Horse Collar
15:07 Double-Bit Axe
18:57 Wheelbarrow
18:16 Gold Mining
18:17 Stone Mining
18:27 Stone Mining
26:22 Castle Age
25:45 Scale Barding Armor
25:50 Forging
25:41 Scale Mail Armor
27:21 Hand Cart
27:09 Heavy Plow
27:27 Bow Saw
28:47 Gold Shaft Mining
28:49 Chain Barding Armor
29:41 Caravan
31:22 Husbandry
30:43 Light Cavalry
39:04 Imperial Age
38:18 Chain Mail Armor
38:38 Iron Casting
38:04 Padded Archer Armor
37:54 Fletching
39:41 Marauders
39:53 Elite Tarkan
40:54 Conscription
40:56 Atheism
42:00 Plate Barding Armor
42:26 Blast Furnace
64:25 Elite Skirmisher
65:34 Thumb Ring
Chuckles19861
0:26 Loom
15:17 Feudal Age
19:36 Castle Age
17:28 Horse Collar
18:34 Double-Bit Axe
18:42 Stone Mining
18:54 Gold Mining
21:01 Bow Saw
21:45 Heavy Plow
22:53 Wheelbarrow
25:29 Caravan
26:33 Hand Cart
34:05 Imperial Age
36:07 Chemistry
36:10 Two-Man Saw
35:42 Crop Rotation
34:36 Pikeman
35:30 Elite Organ Gun
36:54 Halberdier
38:30 Conscription
38:20 Padded Archer Armor
38:11 Fletching
39:04 Scale Mail Armor
39:14 Forging
39:20 Leather Archer Armor
40:54 Arquebus
52:52 Ring Archer Armor
52:18 Bodkin Arrow
52:38 Chain Mail Armor
52:59 Iron Casting
tomoe
2:57 Loom
16:58 Feudal Age
26:41 Castle Age
28:02 Scale Barding Armor
27:57 Scale Mail Armor
28:08 Forging
27:59 Padded Archer Armor
27:49 Fletching
27:58 Double-Bit Axe
31:57 Wheelbarrow
36:39 Horse Collar
37:55 Fervor
38:12 Kamandaran
41:03 Imperial Age
40:15 Ballistics
41:39 Hand Cart
42:13 Husbandry
42:23 Bloodlines
41:35 Cavalier
43:21 Caravan
46:09 Conscription
45:45 Savar
46:46 Town Watch
50:33 Crossbowman
51:18 Thumb Ring
51:44 Chain Barding Armor
51:40 Chain Mail Armor
51:41 Leather Archer Armor
52:02 Iron Casting
51:23 Bodkin Arrow
61:43 Plate Barding Armor
61:15 Squires
60:36 Pikeman
63:30 Halberdier
64:46 Citadels
71:48 Chemistry
70:14 Elite War Elephant
karzmoy
0:33 Loom
18:43 Feudal Age
19:54 Horse Collar
20:01 Double-Bit Axe
23:34 Wheelbarrow
24:07 Town Watch
27:23 Castle Age
28:01 Pikeman
28:43 Squires
30:16 Forging
30:07 Scale Mail Armor
31:35 Caravan
31:55 Bow Saw
31:49 Heavy Plow
34:18 Hand Cart
34:03 Town Patrol
34:05 Stone Mining
34:08 Gold Mining
37:05 Masonry
37:17 Ballistics
39:57 Imperial Age
38:26 Stone Shaft Mining
40:03 Iron Casting
39:43 Chain Mail Armor
40:04 Halberdier
41:48 Blast Furnace
41:27 Crop Rotation
42:00 Two-Man Saw
42:03 Chemistry
41:34 Architecture
41:53 Conscription
42:13 Perfusion
Azteca Beleren
0:36 Loom
26:32 Feudal Age
27:18 Horse Collar
27:26 Double-Bit Axe
31:08 Castle Age
32:49 Stone Mining
33:05 Heavy Plow
33:21 Bow Saw
36:16 Stone Shaft Mining
38:44 Imperial Age
37:05 Treadmill Crane
37:46 Forging
37:43 Scale Barding Armor
39:52 Iron Casting
39:38 Chain Barding Armor
40:38 Chemistry
41:40 Bombard Tower
41:19 Murder Holes
54:08 Husbandry
54:31 Conscription
54:32 Caravan
59:24 Gold Mining
60:26 Crop Rotation
61:03 Two-Man Saw
60:43 Gold Shaft Mining
59:54 Elite Cataphract
65:15 Ballistics
Connection lost

Rejoining the realm…

Still unreachable

The connection could not be restored.

Session expired

The server has moved on; the page needs a fresh start.